 Dungeon Crawl Stone Soup version 0.19.1 (webtiles) character file.

66 empire the Skirmisher (level 4, 0/40 HPs)
             Began as a Ghoul Monk on Dec 12, 2016.
             Slain by a goblin
             ... wielding a +0 club
             ... led by Robin
              (3 damage)
             ... on level 2 of the Dungeon.
             The game lasted 00:03:12 (1382 turns).

empire the Skirmisher (Ghoul Monk)                  Turns: 1382, Time: 00:03:13

Health: 0/40       AC:  2    Str: 13 (15) XL:     4   Next: 15%
Magic:  3/3        EV: 12    Int:  5      God:
Gold:   127        SH:  2    Dex: 10 (11) Spells: 0 memorised, 3 levels left

rFire  . . .     SeeInvis .       - Unarmed
rCold  + . .     Gourm    .     a - +0 robe
rNeg   + + +     Faith    .     (no shield)
rPois  ∞         Spirit   .     (no helmet)
rElec  .         Reflect  +     (no cloak)
rCorr  .         Harm     .     (no gloves)
MR     .....                    (no boots)
Stlth  ++........               m - +2 amulet of reflection
                                (no ring)
                                (no ring)

@: rotting
A: rotting body, claws 1, carnivore 3, cold resistance 1, negative energy
resistance 3, slow regeneration 1, torment resistance, unbreathing
a: no special abilities


You were on level 2 of the Dungeon.
You were not hungry.

You visited 1 branch of the dungeon, and saw 2 of its levels.

You collected 127 gold pieces.

Inventory:

Hand Weapons
 b - a +1 short sword of protection
 e - a +0 dagger of pain
 k - a +0 short sword
Missiles
 g - 23 arrows
Armour
 a - a +0 robe (worn)
Jewellery
 m - a +2 amulet of reflection (around neck)
 n - an uncursed amulet of regeneration {unknown}
Scrolls
 h - a scroll of remove curse
 i - 2 scrolls of identify
Potions
 d - 2 potions of lignification
 j - 2 potions of flight {unknown}
Comestibles
 c - a meat ration


   Skills:
 + Level 3.8 Fighting
 + Level 1.0 Short Blades
 + Level 3.0 Dodging
 + Level 3.1 Stealth
 + Level 3.8 Unarmed Combat


You had 3 spell levels left.
You didn't know any spells.

Dungeon Overview and Level Annotations

Branches:
Dungeon (2/15)

Altars:

Annotations:
D:2 Robin


Innate Abilities, Weirdness & Mutations

Your body is rotting away.
You thrive on raw meat.
You are immune to poison.
You have sharp fingernails.
You are carnivorous and can eat meat at any time.
Your flesh is cold resistant. (rC+)
You are immune to negative energy. (rN+++)
You regenerate slowly when monsters are visible.
You are immune to unholy pain and torment.
You can survive without breathing.


Message History

You scratch the goblin.
You kill the goblin!
Robin throws the goblin at you! The goblin hits you with a club.
* * * LOW HITPOINT WARNING * * *
The goblin misses you.
You scratch the goblin but do no damage.
The goblin hits you with a club.
* * * LOW HITPOINT WARNING * * *
The goblin hits you with a dagger.
* * * LOW HITPOINT WARNING * * *
Unknown command.
It was a potion of mutation.
You feel extremely strange.
Your body decomposes!
You feel clumsy.
Your body decomposes!
You feel weakened.
Your body decomposes!
You feel weakened. The goblin hits you with a club.
You die...

..#####.# .....##.# ..
.. ..##.##.# gg g#
..##.##.# #. g#
..##.##.###### #. .#
..##.......).####.#g#.##
........####.>....#...g
...###### #..######.#
...# #...g@gg.g# .#.#
##.######.# .#.## #.#
##.. ....# #.# #.# ..#.#
#÷# .# ....# #......# #
.#### #######.# .## ...


You could see Robin, a hobgoblin (wandering) and 2 goblins.

Vanquished Creatures
  3 adders (D:2)
  An ooze (D:1)
  3 worms
  6 goblins
  4 hobgoblins
  A ball python (D:1)
  2 bats (D:1)
  2 frilled lizards (D:1)
  4 kobolds
  2 rats (D:1)
28 creatures vanquished.

Notes
Turn   | Place    | Note
-------+----------+-------------------------------------------
     0 | D:1      | empire the Ghoul Monk began the quest for the Orb.
     0 | D:1      | Reached XP level 1. HP: 19/19 MP: 0/0
   179 | D:1      | Reached XP level 2. HP: 14/26 MP: 1/1
  1099 | D:2      | Reached XP level 3. HP: 28/33 MP: 2/2
  1351 | D:2      | Reached skill level 1 in Short Blades
  1351 | D:2      | Reached XP level 4. HP: 15/40 MP: 3/3
  1368 | D:2      | Noticed Robin
  1382 | D:2      | Slain by a goblin

Skill      XL: |  1  2  3 |
---------------+----------+-----
Stealth        | 3 |  3.1
Dodging        | 3 |  3.0
Short Blades   | 1 |  1.0
Fighting       | |  3.8
Unarmed Combat | |  3.8

Action                   |  1- 3 |  4- 6 || total
-------------------------+-------+-------++-------
Melee: Unarmed           |    80 |    11 ||    91
       Short sword       |     4 |       ||     4
       Punch             |     1 |       ||     1
  Use: Scroll            |     4 |       ||     4
       Potion            |       |     1 ||     1
 Stab: Sleeping          |     4 |       ||     4
  Eat: Chunk             |    21 |     1 ||    22
Armor: Robe              |     3 |       ||     3
Dodge: Dodged            |    33 |     8 ||    41
Block: Other             |     1 |     1 ||     2
